 Dungeon Crawl Stone Soup version 0.17-a0-1880-gacf7e67 (webtiles) character file.

73 4thArraOfDagon the Twirler (level 4, -5/34 HPs)
             Began as a Human Gladiator on Sept 21, 2015.
             Splashed by a brown ugly thing's acid (9 damage)
             ... summoned by the player character
             ... on level 4 of the Dungeon.
             The game lasted 00:04:43 (786 turns).

4thArraOfDagon the Twirler (Human Gladiator)         Turns: 786, Time: 00:04:43

Health: -5/34      AC:  5    Str: 16    XL:     4   Next: 51%
Magic:  4/4        EV: 13    Int: 14    God:
Gold:   55         SH:  0    Dex: 13    Spells: 0 memorised, 3 levels left

rFire  . . .     SeeInvis .     a - +0 quarterstaff
rCold  . . .     Clarity  .     b - +0 leather armour
rNeg   . . .     SustAt   .     (no shield)
rPois  .         Gourm    .     c - +0 helmet
rElec  .         Spirit   .     (no cloak)
rCorr  .         Warding  .     (no gloves)
rMut   .         Stasis   .     i - +0 pair of boots {Stlth+}
MR     .....                    (no amulet)
Stlth  ++........               (no ring)
                                (no ring)

@: brilliant, not resistant to hostile enchantments, unstealthy
A: no striking features
a: no special abilities


You were on level 4 of the Dungeon.
You were not hungry.

You visited 1 branch of the dungeon, and saw 4 of its levels.

You collected 55 gold pieces.

Inventory:

Hand weapons
 a - a +0 quarterstaff (weapon)
Missiles
 k - 3 throwing nets (quivered)
Armour
 b - a +0 leather armour (worn)
 c - a +0 helmet (worn)
 i - a +0 pair of boots of stealth (worn)
Jewellery
 p - an uncursed ring of teleportation
Magical devices
 d - a wand of polymorph (0)
Potions
 j - a potion of flight
 l - a potion of magic
Miscellaneous
 n - a plain deck of summoning {drawn: 4}
Comestibles
 e - 2 bread rations
 f - 6 fruits
 m - a chunk of flesh


   Skills:
 + Level 2.7 Fighting
 * Level 4.1 Staves
 - Level 2.0 Throwing
 + Level 3.5 Dodging
 + Level 0.0 Evocations


You had 3 spell levels left.
You didn't know any spells.

Dungeon Overview and Level Annotations

Branches:
Dungeon (4/15)
 Temple: D:4-7

Altars:
Nemelex Xobeh

Annotations:
D:4 Robin


Message History

You draw a card...
It is the Pentagram.
This is a plain deck of summoning {drawn: 2}.
You see a puff of smoke.
Robin says, "We wiped out the hill dwarves - you're next!"
The hobgoblin barely misses you. The goblin hits you.
The goblin closely misses you.
Unknown command.
Evoke which item? (* to show all) (? for menu, Esc to quit)
You draw a card...
It is the Elements.
The goblin hits you but does no damage. The hobgoblin hits you with a club.
The goblin hits you with an enchanted dagger.
Unknown command.
Evoke which item? (* to show all) (? for menu, Esc to quit)
You draw a card...
It is Repulsiveness.
You see a puff of smoke.
The goblin completely misses you.
The hobgoblin hits you but does no damage.
The brown ugly thing headbutts you!
* * * LOW HITPOINT WARNING * * *
You are splashed with acid!
The acid burns!
You die...

.........#....
#............#
#..$.........#
.............#
..........#
...gg..<#.#
.##gsg..#.#
+ggugg.'.#
##@gggg###
###gg.# #####


You could see a brown ugly thing, Robin, a giant cockroach, 5 hobgoblins and 8
goblins.

Vanquished Creatures
  Ijyb (D:2)
  2 adders (D:2)
  A giant cockroach (D:3)
  4 goblins
  3 hobgoblins
  3 jackals (D:1)
  5 kobolds
  2 bats (D:2)
  A giant gecko (D:1)
  4 giant newts
  2 rats
28 creatures vanquished.

Notes
Turn   | Place    | Note
--------------------------------------------------------------
     0 | D:1      | 4thArraOfDagon the Human Gladiator began the quest for the Orb.
     0 | D:1      | Reached XP level 1. HP: 16/16 MP: 1/1
     2 | D:2      | Noticed Ijyb
   138 | D:1      | Reached XP level 2. HP: 20/22 MP: 2/2
   307 | D:1      | fuckin lab
   445 | D:2      | Killed Ijyb
   445 | D:2      | Reached XP level 3. HP: 28/28 MP: 3/3
   497 | D:2      | Reached skill level 4 in Staves
   497 | D:2      | Reached XP level 4. HP: 30/34 MP: 4/4
   593 | D:2      | Found a faded altar to an unknown god.
   606 | D:2      | Found a sparkling altar of Nemelex Xobeh.
   773 | D:4      | Noticed Robin
   782 | D:4      | Noticed a brown ugly thing
   786 | D:4      | Splashed by a brown ugly thing's acid

Vault maps used:
D:1:      dpeg_arrival_fog, lemuel_flame_loot_1
D:2:      nemelex_deck, nicolae_tso_carved_into_rock, ecumenical_altar_2,
          hangedman_decor_slide_cut, kennysheep_generic_room_13, uniq_natasha,
          uniq_iyjb
D:3:      serial_bayou_pond_d, grunt_decor_mini_mirrors
D:4:      temple_doors_b, st_stairs_13, nicolae_underground_beach,
          uniq_eustachio, uniq_robin, uniq_grinder

Action                   |  1- 3 |  4- 6 || total
-------------------------+-------+-------++-------
Melee: Quarterstaff      |    51 |    22 ||    73
Throw: Throwing net      |    10 |     1 ||    11
Evoke: Deck              |       |     4 ||     4
  Use: Scroll            |     3 |     2 ||     5
       Potion            |       |     1 ||     1
 Stab: Sleeping          |       |     1 ||     1
